 Dungeon Crawl Stone Soup version 0.29-a0-323-g050149af67 (webtiles) character file.

Game seed: 1948303696435822606

205 spaghetti the Magician (level 5, -7/34 HPs)
             Began as an Octopode Conjurer on Apr 11, 2022.
             Mangled by a gnoll
             ... wielding a +0 halberd
              (8 damage)
             ... on level 4 of the Dungeon.
             The game lasted 00:06:14 (3100 turns).

spaghetti the Magician (Octopode Conjurer)          Turns: 3100, Time: 00:06:15

Health: -7/34      AC:  1    Str:  9    XL:     5   Next: 83%
Magic:  6/12       EV: 12    Int: 22    God:
Gold:   124        SH:  3    Dex: 10    Spells: 6/13 levels left

rFire   . . .      SeeInvis .   c - +0 spear {polearm}
rCold   + . .      Faith    .   t - +0 buckler
rNeg    . . .      Spirit   .   (helmet restricted)
rPois   .          Reflect  .   h - amulet of magic regeneration {@e2}
rElec   .          Harm     .   k - ring of protection from cold
rCorr   .          Rampage  .   (no ring)
Will    .....      Clarity  +   (no ring)
Stlth   ++++......              (no ring)
HPRegen 0.11/turn               (no ring)
MPRegen 0.53/turn               (no ring)
                                (no ring)
                                (no ring)

@: flying, very slightly contaminated, slowed, very slow
A: almost no armour, amphibious, 8 rings, camouflage 1, gelatinous body 1,
nimble swimmer 1, tentacles, clarity, strong 1, wild magic 1
a: no special abilities


You were on level 4 of the Dungeon.
You visited 1 branch of the dungeon, and saw 4 of its levels.

You collected 124 gold pieces.


Innate Abilities, Weirdness & Mutations

You cannot wear most types of armour.
You are amphibious.
You can wear up to eight rings at the same time.
Your skin changes colour to match your surroundings (Stealth+).
Your rubbery body absorbs attacks. (AC +1, EV +1)
You are camouflaged when in or above water. (Stealth+)
You have tentacles for arms and can constrict up to eight enemies at once.
You possess an exceptional clarity of mind.
Your muscles are strong. (Str +2)
Your spells are a little harder to cast, but a little more powerful.


   Skills:
 + Level 2.2 Fighting
 - Level 2.0 Dodging
 - Level 2.6 Stealth
 + Level 4.7 Spellcasting
 + Level 4.0 Conjurations
 + Level 0.3 Hexes


You had 6 spell levels left.
You knew the following spells:

 Your Spells              Type           Power      Damage    Failure   Level
a - Magic Dart            Conj           100%       1d8       4%          1
b - Searing Ray           Conj           60%        2d6       7%          2
c - Fulminant Prism       Conj/Hex       9%         3d7       58%         4

Your spell library contained the following spells:

 Spells                   Type           Power      Damage    Failure   Level
 Dazzling Flash           Conj/Hex       38%        N/A       24%         3
 Iskenderun's Mystic Bla  Conj/Tloc      18%        2d6       61%         4

Inventory:

Hand Weapons
 c - a +0 spear (weapon) {polearm}
   (You found it on level 1 of the Dungeon)
Missiles
 b - 2 boomerangs {throwing}
 e - 88 stones {throwing}
Armour
 t - a +0 buckler (worn)
   (You found it on level 3 of the Dungeon)
Magical Staves
 n - a staff of cold {!astaff}
   (You found it on level 2 of the Dungeon)
Jewellery
 h - an amulet of magic regeneration (around mantle) {@e2}
   (You found it on level 1 of the Dungeon)
 k - a ring of protection from cold (left tentacle)
   (You found it on level 2 of the Dungeon)
Wands
 s - a wand of flame (2)
   (You took it off a kobold on level 3 of the Dungeon)
Scrolls
 i - a scroll of enchant armour
 r - 2 scrolls of fog
Potions
 a - a potion of magic
 d - 3 potions of brilliance
 f - a potion of cancellation
 j - 3 potions of might
 m - a potion of haste {unknown}
 o - a potion of curing {unknown}

Dungeon Overview and Level Annotations

Branches:
Dungeon (4/15)
 Temple: D:4-7

Altars:

Shops:
D:4 (

Annotations:
D:2 1 runed translucent door, Crazy Yiuf
D:3 Ijyb, Robin

.≈...≈≈≈####.##########.
.≈.≈.≈.≈≈≈#..........O##.
.≈...≈...≈≈#.#.##.####..YB
.≈.≈.≈.≈.≈..'.#.##.# #.##.
.≈.8.≈.8.≈...'.#.##.####.##.
.≈.≈.≈.≈.≈.≈.O'.....B.....##.
..≈...≈...≈..g≈≈#......#.......
.≈.≈.≈.≈.≈.≈.≈≈≈#...#..#.##.##.
≈...≈.8.≈...≈≈@##......#.##.##.
≈≈.≈.≈.≈.≈.≈≈≈##....##.#.##.##.
≈≈≈...≈...≈≈≈##..........##.###
#≈≈≈.≈.≈.≈≈≈##.......###....##.
#≈≈≈...≈≈≈####.####.# #.......
#≈≈...≈≈## #. #.# #.##....
###'''### #. #....##....
##.####...### #.#.##..>.
............# #.#.##.#..


You could see a two-headed ogre and a gnoll.


Message History

You don't know that spell.
Casting: Magic Dart (safe; 4% risk of failure)
Confirm with . or Enter, or press ? or * to list all spells.
The spell is potentially lethal to miscast (58% risk of failure)!
Continue anyway?
Aiming: Fulminant Prism (potentially lethal; 58% risk of failure)
Press: ? - help, Dir - move target, p - kobold You miscast Fulminant Prism.
You are very lightly contaminated with residual magic.
You feel a strange surge of energy!
The kobold shouts! 😮 HP[-11] MP[-4]
You take 11 damage, and now have 23/34 hp.
MASSIVE DAMAGE!! (PAUSE)
You lost 4 mp, and now have 8/12 mp.
Casting: Fulminant Prism (potentially lethal; 58% risk of failure)
Confirm with . or Enter, or press ? or * to list all spells.
The spell is potentially lethal to miscast (58% risk of failure)!
Continue anyway?
Aiming: Fulminant Prism (potentially lethal; 58% risk of failure)
Press: ? - help, Dir - move target You conjure a prism of explosive energy!
A fulminant prism comes into view.
You block the ball python's attack.
The ball python closely misses you. 😮 MP[-3]
You lost 3 mp, and now have 5/12 mp.
Your fulminant prism crackles loudly.
You block the ball python's attack. The ball python grabs you.
The ball python constricts you.
The blast of energy engulfs the kobold!
You kill the kobold!
The blast of energy engulfs the kobold.
You kill the kobold!
The blast of energy engulfs the ball python!
You kill the ball python!
You hear a shout!
Unknown command. 😮 HP[-1] MP[+1]
You take 1 damage, and now have 22/34 hp.
Unknown command. 😮 HP[+1] MP[+1] 😮 MP[+1] 😮 MP[+1] 😮 MP[+1] 😮 MP[+1]
A gnoll comes into view. It is wielding a +0 halberd. 😮 HP[+1]
Okay, then.
Okay, then.
You block the gnoll's attack. 😮 MP[+1]
Your mp is fully restored (12).
A giant cockroach comes into view.
The gnoll hits you with a +0 halberd.
An iguana comes into view. 😮 HP[-6]
You take 6 damage, and now have 18/34 hp.
Unknown command.
The gnoll misses you.
Your magical contamination has completely faded away. 😮 HP[+1]
Press: ? - help, v - describe, . - travel Some deep water.
There is an open gate here. 😮 HP[+1]
Casting: Fulminant Prism (potentially lethal; 58% risk of failure)
Confirm with . or Enter, or press ? or * to list all spells.
The spell is potentially lethal to miscast (58% risk of failure)!
Continue anyway?
Aiming: Fulminant Prism (potentially lethal; 58% risk of failure)
Press: ? - help, Dir - move target You miscast Fulminant Prism.
You are very lightly contaminated with residual magic.
The air around you crackles with energy.
You feel yourself slow down. 😮 MP[-3]
You lost 3 mp, and now have 9/12 mp.
Unknown command.
Unknown command.
Casting: Fulminant Prism (potentially lethal; 58% risk of failure)
Confirm with . or Enter, or press ? or * to list all spells.
The spell is potentially lethal to miscast (58% risk of failure)!
Continue anyway?
Okay, then.
Casting: Fulminant Prism (potentially lethal; 58% risk of failure)
Confirm with . or Enter, or press ? or * to list all spells.
The spell is potentially lethal to miscast (58% risk of failure)!
Continue anyway?
Aiming: Fulminant Prism (potentially lethal; 58% risk of failure)
Press: ? - help, Dir - move target You miscast Fulminant Prism.
Strange energies run through your body!
* * * LOW HITPOINT WARNING * * *
😱 HP[-16] MP[-4]
You take 16 damage, and now have 4/34 hp.
MASSIVE DAMAGE!! (PAUSE)
You lost 4 mp, and now have 5/12 mp.
Okay, then.
It was a potion of flight.
You feel very buoyant.
You fly up into the air.
The gnoll hits you from afar with a +0 halberd.
* * * LOW HITPOINT WARNING * * *
The gnoll hits you from afar with a +0 halberd!
You die...

Skill      XL: |  1  2  3  4  5 |
---------------+----------------+-----
Spellcasting   | 3 4 |  4.7
Fighting       | 1 2 |  2.2
Dodging        | |  2.0
Stealth        | |  2.6
Conjurations   | |  4.0
Hexes          | |  0.3

Action                   |  1- 3 |  4- 6 || total
-------------------------+-------+-------++-------
Melee: Unarmed           |    12 |     4 ||    16
       Tentacles         |     4 |       ||     4
       Constrict         |     3 |     1 ||     4
       Spear             |     7 |     6 ||    13
 Cast: Magic Dart        |    58 |    99 ||   157
       Fulminant Prism   |       |     2 ||     2
       Searing Ray       |       |     1 ||     1
Evoke: Wand              |       |     4 ||     4
  Use: Scroll            |       |     7 ||     7
       Potion            |       |     2 ||     2
Armor: Skin              |     1 |    13 ||    14
Dodge: Dodged            |    17 |    25 ||    42
Block: Buckler           |       |     5 ||     5

Levels and vault maps discovered:
D:1:      dpeg_arrival_round_a, layout_loops_ring
D:2:      layout_rooms, serial_bayou, serial_bayou_shore_a,
          serial_bayou_lagoon_a, serial_bayou_pond_e, serial_bayou_pond_e,
          st_stairs_1, minmay_pentomino_s4, uniq_crazy_yiuf_cottage
D:3:      layout_basic, uniq_ijyb, uniq_robin
D:4:      layout_loops_ring, serial_shops, nicolae_shop_advertising_works
          [nicolae_subvault_shop_adworks], shop, shop_fountains,
          chequers_serial_rivers_large_b, kennysheep_cluttered_room,
          minmay_divided_ellipse, uniq_natasha

Notes
Turn   | Place    | Note
-------+----------+-------------------------------------------
     0 | D:1      | spaghetti the Octopode Conjurer began the quest for the
                  | Orb.
     0 | D:1      | Reached XP level 1. HP: 11/11 MP: 3/3
     0 | D:1      | magus.rc [v1.9.6]
   218 | D:1      | Reached XP level 2. HP: 17/17 MP: 2/5
   322 | D:1      | Reached skill level 3 in Spellcasting
   510 | D:1      | Reached XP level 3. HP: 16/21 MP: 0/7
   517 | D:1      | Learned a level 2 spell: Searing Ray
  1433 | D:2      | Found a runed translucent door.
  1434 | D:2      | Noticed Crazy Yiuf
  1549 | D:2      | Reached XP level 4. HP: 27/27 MP: 5/9
  1574 | D:2      | Reached skill level 4 in Spellcasting
  2155 | D:3      | Reached skill level 1 in Fighting
  2155 | D:3      | Reached XP level 5. HP: 20/33 MP: 2/11
  2472 | D:3      | Reached skill level 2 in Fighting
  2612 | D:3      | Noticed Robin
  2619 | D:3      | Learned a level 4 spell: Fulminant Prism
  2621 | D:3      | Gained mutation: You possess an exceptional clarity of
                  | mind. [potion of mutation]
  2621 | D:3      | Gained mutation: Your muscles are strong. (Str +2) [potion
                  | of mutation]
  2621 | D:3      | Gained mutation: Your spells are a little harder to cast,
                  | but a little more powerful. [potion of mutation]
  2628 | D:3      | Noticed Ijyb
  2878 | D:4      | Found Asuarir's Antique Weapon Shop.
  3060 | D:4      | Noticed an ice beast
  3060 | D:4      | Noticed a two-headed ogre
  3099 | D:4      | HP: 4/34 [something (16)]
  3100 | D:4      | HP: 1/34 [gnoll/+0 halberd (3)]
  3100 | D:4      | Mangled by a gnoll

Vanquished Creatures
  2 howler monkeys (D:3)
  A gnoll (D:1)
  3 adders
  A worm (D:2)
  A dart slug (D:2)
  8 orcs
  3 ball pythons
  5 bats
  6 endoplasms
  2 giant cockroaches
  6 goblins
  9 hobgoblins
  6 jackals
  8 kobolds
  4 quokkas
  A frilled lizard (D:1)
  6 rats
72 creatures vanquished.

Vanquished Creatures (others)
  2 fulminant prisms
  20 plants (D:2)
22 creatures vanquished.

Grand Total: 94 creatures vanquished

Table legend:
 A = Non-vault XP
 B = Vault XP
 C = Vault XP percentage of total XP
 D = Non-vault monster count
 E = Vault monster count
 F = Vault count percentage of total count
                 A         B        C        D         E       F
            +---------+---------+-------+---------+---------+-------
      Total |     258 |      36 |  12.2 |      55 |      17 |  23.6
            +---------+---------+-------+---------+---------+-------
        D:1 |      42 |       0 |   0.0 |      17 |       0 |   0.0
        D:2 |      34 |      19 |  35.8 |      13 |       8 |  38.1
        D:3 |     160 |       8 |   4.8 |      21 |       4 |  16.0
        D:4 |      22 |       9 |  29.0 |       4 |       5 |  55.6
            +---------+---------+-------+---------+---------+-------

Illustrated notes

Table legend:
 A = Kills in this place as a percentage of kills in entire the game.
 B = Kills by you in this place as a percentage of kills by you in the entire game.
 C = Kills by friends in this place as a percentage of kills by friends in the entire game.
 D = Other kills in this place as a percentage of other kills in the entire game.
 E = Experience gained in this place as a percentage of experience gained in the entire game.
 F = Experience gained in this place divided by the number of levels of this place that you have seen.
                   A       B       C       D       E      F
               +-------+-------+-------+-------+-------+----------------------
         Total | 100.0 | 100.0 |   N/A |   N/A | 100.0 |  73.5
       Dungeon | 100.0 | 100.0 |   N/A |   N/A | 100.0 |  73.5
               +-------+-------+-------+-------+-------+----------------------

Table legend: (Time is in decaauts)
 A = Elapsed time spent in this place.
 B = Non-inter-level travel time spent in this place.
 C = Inter-level travel time spent in this place.
 D = Time resting spent in this place.
 E = Time spent auto-exploring this place.
 F = Levels seen in this place.
 G = Mean time per level.
                   A        B        C        D        E       F      G
               +--------+--------+--------+--------+--------+-----+--------+
         Total |   3103 |   2938 |    165 |    436 |   2102 |   4 |  775.8 |
       Dungeon |   3103 |   2938 |    165 |    436 |   2102 |   4 |  775.8 |
               +--------+--------+--------+--------+--------+-----+--------+

Top non-repeatable levels by time:
     D:1: 1192 daAuts
     D:2: 1071 daAuts
     D:3: 617 daAuts
     D:4: 222 daAuts
